 Dungeon Crawl Stone Soup version 0.30-a0-325-gb515db48ae (webtiles) character file.

Game seed: 17975054895625876163

289576 MrRokkomies the Peltast (level 19, 0/173 (181) HPs)
             Began as an Armataur Gladiator on Oct 27, 2022.
             Was the Champion of Ru.
             Killed from afar by an ironbound thunderhulk (12 damage)
             ... with a bolt of lightning
             ... on level 3 of the Vaults on Oct 28, 2022.
             The game lasted 01:52:01 (36971 turns).

MrRokkomies the Peltast (Armataur Gladiator)       Turns: 36971, Time: 01:52:02

HP:   0/173 (181)   AC: 36    Str: 30    XL:     19   Next: 91%
MP:   19/19         EV:  8    Int:  8    God:    Ru [******]
Gold: 835           SH: 20    Dex: 13    Spells: 18/18 levels left

rFire   . . .      SeeInvis .    b - +5 eveningstar (freeze)
rCold   . . .      Faith    .    f - +0 tower shield {reflect}
rNeg    . . .      Spirit   .    W - +5 storm dragon scales
rPois   .          Reflect  +    c - +0 helmet
rElec   +          Harm     .    V - scarf {repulsion}
rCorr   .          Roll     +    T - +2 pair of gloves {Str+3}
Will    ++...                    P - +4 barding {rF+}
Stlth   ..........               L - amulet of regeneration
HPRegen 1.28/turn                p - ring of willpower
MPRegen 0.16/turn                H - ring of protection from cold

@: mighty, lethally poisoned (0 -> -8), exhausted, studying Throwing, lightly
drained, repel missiles
A: large, rugged brown scales 3, deformed body, inability to use devices, hated
by all, no conjurations magic, no fire magic, no hexes magic, temperature
sensitive, armoured tail, roll, long tongue, awkward tongue
}: 2/15 runes: decaying, serpentine
a: Renounce Religion, Draw Out Power, Power Leap, Apocalypse


You were on level 3 of the Vaults.
You worshipped Ru.
Ru was exalted by your worship.
You visited 6 branches of the dungeon, and saw 33 of its levels.
You also visited: Sewer, Gauntlet and Ice Cave.

You collected 3486 gold pieces.
You spent 2651 gold pieces at shops.

Inventory:

Hand Weapons
 a - the +10 whip of Context {protect, rElec rC+++ rN++ Str-2}
   (You found it on level 3 of the Dungeon)

   It grants its wielder temporary protection when it strikes (+7 to AC).
   Str:       It affects your strength (-2).
   rC:        It renders you almost immune to cold.
   rElec:     It insulates you from electricity.
   rN:        It greatly protects you from negative energy.
 b - a +5 eveningstar of freezing (weapon)
 h - a +5 demon whip of venom
Missiles
 e - 7 javelins
 r - 38 poisoned darts
 u - 4 silver javelins
 B - 4 boomerangs (quivered)
 S - 9 throwing nets
 Z - 7 silver boomerangs
Armour
 c - a +0 helmet (worn)
 f - a +0 tower shield of reflection (worn)
 F - a +2 plate armour of fire resistance
 P - a +4 barding of fire resistance (worn)
 T - a +2 pair of gloves of strength (worn)
 V - a scarf of repulsion (worn)
 W - +5 storm dragon scales (worn)
 Y - the +10 Black Knight's barding {ponderous, rPois rN+}
   (You bought it in a shop on level 4 of the Snake Pit)

   rPois:     It protects you from poison.
   rN:        It protects you from negative energy.
Jewellery
 g - a ring of protection from cold
 n - a ring of fire
 p - a ring of willpower (left hand)
 x - a ring of willpower
 H - a ring of protection from cold (right hand)
 J - a ring of positive energy
 L - an amulet of regeneration (around neck)
 M - the ring of Shadows {Umbra +Inv Stlth+}
   (You found it on level 4 of the Swamp)

   [ring of stealth]

   It surrounds you with an aura of shadow, increasing your stealth and reducing
   the accuracy of all others within it.
   +Inv:      It lets you turn invisible.
   Stlth:     It makes you more stealthy.
 N - the ring "Tuodiah" {rN+ SInv}
   (You found it in a Gauntlet)

   [ring of positive energy]

   rN:        It protects you from negative energy.
   SInv:      It lets you see invisible.
 O - the ring of Symmetry {*Slow rF+ Int+5 Stlth+}
   (You found it in a Gauntlet)

   [ring of protection from fire]

   Int:       It affects your intelligence (+5).
   rF:        It protects you from fire.
   *Slow:     It may slow you when you take damage.
   Stlth:     It makes you more stealthy.
 U - a ring of positive energy
Scrolls
 l - 17 scrolls of teleportation
 o - a scroll of blinking
 t - 6 scrolls of immolation
 y - 4 scrolls of fog
 z - 8 scrolls of poison
 C - a scroll of fear
 G - 4 scrolls of magic mapping
 K - 4 scrolls of amnesia
 R - a scroll of brand weapon
Potions
 k - 12 potions of lignification
 m - a potion of magic
 q - 3 potions of ambrosia
 s - 8 potions of attraction
 v - 12 potions of curing
 w - 8 potions of brilliance
 A - 5 potions of flight
 D - 2 potions of resistance
 E - a potion of cancellation
 I - 3 potions of mutation
 Q - a potion of haste
 X - a potion of invisibility


   Skills:
 + Level 15.0 Fighting
 - Level 15.7(16.0) Maces & Flails
 - Level 4.2(11.1) Staves
 + Level 17.7 Throwing
 - Level 15.9 Armour
 - Level 10.9 Dodging
 * Level 18.2 Shields


You had 18 spell levels left.
You didn't know any spells.
Your spell library contained the following spells:

 Spells                   Type           Power      Damage    Failure   Level
 Apportation              Tloc           0%         N/A       95%         1
 Freeze                   Ice            0%         1d3       95%         1
 Necrotise                Necr           0%         1d4       95%         1
 Sting                    Tmut/Pois      0%         1d3       95%         1
 Cigotuvi's Dreadful Rot  Necr/Pois/Air  0%         N/A       99%         2
 Frozen Ramparts          Ice            0%         1d1       100%        3
 Ozocubu's Armour         Ice            0%         N/A       100%        3
 Swiftness                Air            0%         N/A       100%        3
 Vhi's Electric Charge    Tloc/Air       0%         N/A       100%        3
 Airstrike                Air            0%         2d(0-16)  100%        4
 Ice Form                 Ice/Tmut       0%         N/A       100%        4
 Agony                    Necr           0%         N/A       100%        5
 Alistair's Intoxication  Tmut/Pois      0%         N/A       100%        5
 Borgnjor's Vile Clutch   Necr/Erth      0%         N/A       100%        5
 Lee's Rapid Deconstruct  Erth           0%         3d4*      100%        5
 Statue Form              Tmut/Erth      0%         N/A       100%        6
 Ozocubu's Refrigeration  Ice            0%         4d7       100%        7
 Borgnjor's Revivificati  Necr           0%         N/A       100%        8
 Disjunction              Tloc           0%         N/A       100%        8
 Maxwell's Capacitive Co  Air            0%         ∞         100%        8
 Polar Vortex             Ice            0%         N/A       100%        9
 Shatter                  Erth           0%         3d5*      100%        9
 Foxfire                  Conj/Fire      Unusable   2x1d4     N/A         1
 Magic Dart               Conj           Unusable   1d3       N/A         1
 Shock                    Conj/Air       Unusable   1d3       N/A         1
 Call Imp                 Summ           Unusable   N/A       N/A         2
 Searing Ray              Conj           Unusable   2d4       N/A         2
 Static Discharge         Conj/Air       Unusable   2-2/arc   N/A         2
 Hailstorm                Conj/Ice       Unusable   3d3       N/A         3
 Inner Flame              Hex/Fire       Unusable   N/A       N/A         3
 Mephitic Cloud           Conj/Pois/Air  Unusable   N/A       N/A         3
 Stone Arrow              Conj/Erth      Unusable   3d7       N/A         3
 Animate Armour           Summ/Erth      Unusable   N/A       N/A         4
 Animate Dead             Necr           Unusable   N/A       N/A         4
 Cause Fear               Hex            Unusable   N/A       N/A         4
 Fulminant Prism          Conj/Hex       Unusable   3d6       N/A         4
 Leda's Liquefaction      Hex/Erth       Unusable   N/A       N/A         4
 Summon Ice Beast         Ice/Summ       Unusable   N/A       N/A         4
 Arcjolt                  Conj/Air       Unusable   1d10      N/A         5
 Fireball                 Conj/Fire      Unusable   3d3       N/A         5
 Lightning Bolt           Conj/Air       Unusable   1d11      N/A         5
 Metabolic Englaciation   Hex/Ice        Unusable   N/A       N/A         5
 Conjure Ball Lightning   Conj/Air       Unusable   3x3d6     N/A         6
 Death Channel            Necr           Unusable   N/A       N/A         6
 Starburst                Conj/Fire      Unusable   6d3       N/A         6
 Discord                  Hex            Unusable   N/A       N/A         8

Dungeon Overview and Level Annotations

Branches:
Dungeon (15/15)            Temple (0/1) D:5            Lair (5/5) D:8
  Swamp (4/4) Lair:3        Snake (4/4) Lair:2        Slime (0/5) Lair:5
    Orc (2/2) D:9             Elf (0/3) Orc:2        Vaults (3/5) D:14
 Depths (0/4) D:15          Sewer (visited)           IceCv (visited)
Gauntlet (visited)
  Crypt: Vaults:2-3

Altars:
Ashenzari
Dithmenos
Kikubaaqudgha
Makhleb
Qazlal
Ru
Sif Muna
Uskayaw
Xom

Shops:
D:10 :   D:13 [   D:14 (   Orc:1 (   Orc:2 [:(**   Snake:4 (?[*[

Portals:
Pandemonium: Orc:2
Trove: D:13 (give 5 scrolls of fear)

Annotations:
D:5 1 runed translucent door
D:10 1 runed translucent door, Stonecrops's ghost, journeyman DsGl
D:14 1 transporter
Abyss:1 Louise


Innate Abilities, Weirdness & Mutations

You are completely covered in rugged brown scales. (AC +3, +7% HP)
Armour fits poorly on your strangely shaped body.
You cannot study or use magical devices.
You are hated by all.
You cannot study or cast Conjurations magic.
You cannot study or cast Fire magic.
You cannot study or cast Hexes magic.
You are sensitive to extremes of temperature. (rF-, rC-)
You have a long armoured tail.
You roll when moving toward enemies. (Rampage)
Your long tongue fully drains potion bottles. (2x potion effects)
Your tongue gives you trouble enunciating. (1.5x scroll delay)


Message History

You block the entropy weaver's attack. The entropy weaver closely misses you.
The ironbound thunderhulk hits you with a +0 dire flail.
* * * LOW HITPOINT WARNING * * *
You block the deep troll's attack. The deep troll closely misses you. x2
You impale the entropy weaver!! You freeze the entropy weaver!
Your tail-slap misses the entropy weaver.
The entropy weaver is severely wounded.
You feel sick. You block the vault warden's attack.
The entropy weaver barely misses you.
You block the entropy weaver's attack. x2
The entropy weaver completely misses you.
You hit the entropy weaver. You freeze the entropy weaver.
The entropy weaver is almost dead.
You feel sick. You block the deep troll's attack.
The deep troll claws you but does no damage.
The deep troll claws you.
* * * LOW HITPOINT WARNING * * *
You focus your inner power and illuminate the deep troll in retribution!
The vault warden is stunned by your conviction and fails to attack.
The entropy weaver hits you but does no damage.
You block the entropy weaver's attack. The entropy weaver barely misses you.
The entropy weaver hits you but does no damage.
You block the ironbound thunderhulk's attack.
You closely miss the entropy weaver.
Your tail-slap misses the entropy weaver.
The entropy weaver is almost dead.
You feel sick. You block the deep troll's attack. x3
The entropy weaver hits you but does no damage. x4
The vault warden hits you with a +3 battleaxe of venom!
* * * LOW HITPOINT WARNING * * *
You are more poisoned.
Blink to where?
Press: ? - help, Dir - move target
Found a scroll of magic mapping.
As you slowly read the scroll of blinking, it crumbles to dust.
You are no longer corroded.
* * * LOW HITPOINT WARNING * * *
You feel extremely sick.
Electricity crackles from the ironbound thunderhulk's apparatus.
The bolt of lightning hits you! You resist.
You die...

####
#######################
#...?.......#..........
#.....@.....#..........
#...........#..........
#...........#..........
#...........#..........
#...........#..........
#..........B#.........)
#...........)T..)......
#...........#O.........
#.p........


You could see an ironbound thunderhulk, an entropy weaver and a deep troll
(corona).

Vanquished Creatures
  Mara (Vaults:2)
  Sojobo (Vaults:3)
  Margery (Vaults:1)
  Bai Suzhen (Snake:3)
  Jorgrun (D:15)
  Asterion (Vaults:1)
  Frances (Swamp:1)
  A thorn hunter (Swamp:4)
  Kirke (D:12)
  13 nagarajas
  A tengu reaver (Vaults:3)
  5 vault wardens
  A juggernaut zombie (D:15)
  A balrug (Gauntlet)
  8 ironbound preservers
  3 very ugly things
  5 ironbound thunderhulks
  4 eleionomae
  Azrael (D:15)
  5 bunyips
  A minotaur (Gauntlet)
  2 dire elephants (Vaults:3)
  2 green deaths (Swamp:4)
  5 yaktaur captains
  Josephine (Lair:4)
  3 great orbs of eyes
  2 entropy weavers (Vaults:1)
  2 shambling mangroves
  6 vault guards
  2 demonspawn (Orc:2)
  5 salamander tyrants
  4 ironbound frosthearts
  2 hell beasts (Swamp:4)
  3 ghost crabs
  A spriggan air mage (Swamp:2)
  5 catoblepae
  22 hydras
  14 centaur warriors
  10 boulder beetles
  An ogre mage (D:15)
  10 anacondas
  17 naga warriors
  4 death yaks (Lair:5)
  5 alligators
  2 thrashing horrors (Swamp:4)
  15 two-headed ogres
  A spriggan berserker (Swamp:3)
  15 naga sharpshooters
  8 orc high priests (Orc:2)
  A storm dragon zombie (D:15)
  5 shock serpents
  3 hell knights (Vaults:2)
  12 skeletal warriors
  Amaemon (Lair:2)
  A sixfirhy (Orc:2)
  A salamander mystic (Snake:4)
  A death drake (Swamp:4)
  Lodul (D:9)
  2 bunyip zombies (Swamp:3)
  A flayed ghost (D:15)
  3 spriggan druids
  18 deep trolls
  A large abomination (Swamp:4)
  3 goliath frogs
  7 harpies
  3 naga ritualists
  16 ironbound convokers
  2 bunyip skeletons (Swamp:3)
  4 necromancers
  3 lindwurms
  5 wizards
  15 swamp dragons
  7 orc knights
  12 bog bodies
  3 orc sorcerers (Orc:2)
  15 ugly things
  7 mana vipers
  An oklob plant (Lair:5)
  A fire giant zombie (D:15)
  A will-o-the-wisp (Swamp:2)
  3 manticores
  A sphinx skeleton (D:15)
  4 cyclopes
  11 salamanders
  2 ice statues (IceCv)
  Maurice (D:10)
  A guardian serpent (shapeshifter) (D:13)
  11 vault sentinels
  A torpor snail (Lair:2)
  Joseph (D:10)
  16 guardian serpents
  19 naga magi
  36 black mambas
  2 kobold demonologists
  A smoke demon (Orc:2)
  A minotaur zombie (Gauntlet)
  16 yaktaurs
  An unseen horror (D:11)
  12 cane toads
  4 rime drakes
  6 komodo dragons
  A yaktaur (shapeshifter) (D:9)
  An ice devil (Orc:2)
  4 orange demons
  An efreet (D:13)
  A freezing wraith (IceCv)
  A red devil (Orc:2)
  2 tengu conjurers (D:14)
  10 trolls
  A polar bear (Lair:2)
  4 hornets
  A bloated husk (Swamp:4)
  6 tyrant leeches
  Grinder (D:3)
  6 blink frogs
  38 slime creatures
  11 dream sheep
  Sigmund (D:4)
  A centaur simulacrum (Gauntlet)
  A shadow (Swamp:4)
  A vampire (D:10)
  5 wraiths
  7 spriggans
  A hog (D:12)
  47 yaks
  A basilisk (shapeshifter) (D:15)
  3 fire elementals (D:15)
  26 humans
  2 redbacks (Vaults:1)
  2 steam dragons (D:7)
  5 wyverns
  8 basilisks
  A death yak simulacrum (IceCv)
  A small abomination (Swamp:4)
  Menkaure (D:7)
  10 vampire mosquitoes
  A harpy simulacrum (Gauntlet)
  46 nagas
  3 acid dragons
  13 water moccasins
  10 swamp worms
  A hell hound (D:15)
  Pargi (Sewer)
  21 orc warriors
  5 swamp drakes
  2 hornet zombies (Swamp:3)
  A black bear (D:7)
  4 ice beasts
  5 boggarts (D:14)
  11 ogres
  23 wolves
  13 centaurs
  2 kobold brigands
  A phantom (D:6)
  8 bullfrogs
  4 gnoll sergeants
  2 scorpions
  9 killer bees
  An elephant simulacrum (IceCv)
  3 howler monkeys
  25 orc priests
  2 jellies
  10 hounds
  2 gnoll boudas
  6 iguanas
  13 orc wizards
  2 spriggan simulacra
  A troll simulacrum (D:11)
  40 gnolls
  8 adders
  A naga simulacrum (D:11)
  4 worms
  5 dart slugs (D:1)
  52 orcs
  5 ball pythons
  7 endoplasms
  6 giant cockroaches
  5 goblins
  8 hobgoblins
  11 jackals
  4 quokkas
  3 training dummies (Orc:2)
  7 bats
  3 frilled lizards
  14 kobolds
  11 rats
  A bush (Lair:5)
1191 creatures vanquished.

Vanquished Creatures (others)
  Vashnia (Snake:3)
  Nikola (Swamp:1)
  A sphinx (Vaults:1)
  An orc warlord (Vaults:2)
  A bunyip (Swamp:4)
  Harold (Orc:1)
  An ogre mage (D:14)
  2 two-headed ogres
  A naga warrior (Snake:4)
  A spriggan druid (Swamp:2)
  A swamp dragon (Swamp:1)
  2 mana vipers (Snake:4)
  A cane toad (Lair:5)
  2 komodo dragons (Lair:4)
  A yaktaur (Vaults:2)
  2 bloated husks
  3 slime creatures
  A spriggan (Swamp:2)
  A vampire (D:13)
  2 yaks
  A swamp worm (Swamp:3)
  A naga (Snake:4)
  A centaur (D:13)
  A gnoll sergeant (D:10)
  An orc wizard (D:5)
  A gnoll (D:10)
  4 foxfires (Swamp:2)
  7 fungi
  15 plants
  A withered plant (D:15)
60 creatures vanquished.

Grand Total: 1251 creatures vanquished

Notes
Turn   | Place    | Note
-------+----------+-------------------------------------------
     0 | D:1      | MrRokkomies the Armataur Gladiator began the quest for the
                  | Orb.
     0 | D:1      | Reached XP level 1. HP: 18/18 MP: 1/1
    85 | D:1      | Reached XP level 2. HP: 15/25 MP: 2/2
   182 | D:1      | Reached skill level 1 in Armour
   246 | D:1      | Reached XP level 3. HP: 32/32 MP: 3/3
   835 | D:2      | Found a faded altar of an unknown god.
   905 | D:2      | Identified the +1 ring mail of Elitism {rC+ Will+ Dex+4}
  1096 | D:2      | Reached XP level 4. HP: 35/39 MP: 4/4
  2288 | D:3      | Noticed Grinder
  2289 | D:3      | Identified the +10 whip of Context {protect, rElec rC+++
                  | rN++ Str-2}
  2309 | D:3      | Paralysed by Grinder for 4 turns
  2340 | D:3      | Killed Grinder
  2341 | D:3      | Reached XP level 5. HP: 39/49 MP: 5/5
  2341 | D:3      | Reached XP level 6. HP: 44/55 MP: 6/6
  2503 | D:3      | Found a sacrificial altar of Ru.
  2602 | D:3      | Became a worshipper of Ru the Awakened
  2730 | D:3      | Reached skill level 1 in Maces & Flails
  2788 | D:3      | Found a faded altar of an unknown god.
  2835 | D:3      | Found a hide-covered altar of Uskayaw.
  2976 | D:4      | Noticed Sigmund
  2983 | D:4      | Killed Sigmund
  2984 | D:4      | Reached XP level 7. HP: 52/64 MP: 7/7
  3612 | D:4      | Gained mutation: You cannot study or use magical devices.
                  | [Ru sacrifice]
  3612 | D:4      | Reached * piety under Ru
  3612 | D:4      | Reached ** piety under Ru
  3936 | D:5      | Entered Level 5 of the Dungeon
  3994 | D:5      | Reached skill level 5 in Fighting
  4013 | D:5      | Found a glowing drain.
  4023 | Sewer    | Entered a sewer
  4078 | Sewer    | Noticed Pargi
  4088 | Sewer    | Killed Pargi
  4089 | Sewer    | Reached XP level 8. HP: 72/72 MP: 8/8
  4431 | D:5      | Found a runed translucent door.
  4441 | D:5      | Found a staircase to the Ecumenical Temple.
  4704 | D:5      | Found a basalt altar of Yredelemnul.
  4976 | D:6      | Reached skill level 5 in Armour
  5372 | D:6      | Found a blossoming altar of Fedhas.
  5435 | D:6      | Reached skill level 5 in Maces & Flails
  5539 | D:6      | Reached XP level 9. HP: 76/83 MP: 9/9
  5945 | D:7      | Found a stormy altar of Qazlal.
  5948 | D:7      | Noticed a two-headed ogre
  6265 | D:7      | Noticed Menkaure
  6269 | D:7      | Killed Menkaure
  6935 | D:8      | Found a staircase to the Lair.
  6994 | D:8      | Found a broken altar of Ashenzari.
  7505 | D:8      | Gained mutation: You are hated by all. [Ru sacrifice]
  7505 | D:8      | Reached *** piety under Ru
  7513 | D:8      | Found a burning altar of Makhleb.
  7751 | D:9      | Found a staircase to the Orcish Mines.
  7861 | D:9      | Identified the +1 robe of Exclusion {Int+5}
  7861 | D:9      | Noticed a centaur warrior
  7865 | D:9      | Noticed a cyclops
  7878 | D:9      | Killed a centaur warrior
  7879 | D:9      | Reached skill level 5 in Dodging
  7879 | D:9      | Reached XP level 10. HP: 56/94 MP: 10/10
  7886 | D:9      | Killed a cyclops
  8094 | D:9      | Noticed a catoblepas
  8119 | D:9      | Killed a catoblepas
  8197 | D:9      | Noticed a two-headed ogre
  8206 | D:9      | Killed a two-headed ogre
  8385 | D:9      | Noticed a two-headed ogre
  8398 | D:9      | Killed a two-headed ogre
  8682 | D:9      | Killed a two-headed ogre
  8683 | D:9      | Reached XP level 11. HP: 103/103 MP: 11/11
  9009 | D:9      | Got Ytugob's Encyclopedia of Pollution
  9056 | D:10     | Entered Level 10 of the Dungeon
  9057 | D:10     | Found a runed translucent door.
  9058 | D:10     | Found a shimmering altar of Xom.
  9058 | D:10     | Noticed Stonecrops's ghost (journeyman DsGl)
  9058 | D:10     | Noticed Lodul
  9058 | D:10     | Noticed a +2 war axe of chaos
  9112 | Lair:1   | Entered Level 1 of the Lair of Beasts
  9627 | Lair:1   | Noticed a boulder beetle
  9644 | Lair:1   | Killed a boulder beetle
 10002 | Lair:1   | Reached skill level 10 in Fighting
 10458 | Lair:2   | Gained mutation: You are sensitive to extremes of
                  | temperature. (rF-, rC-) [Ru sacrifice]
 10458 | Lair:2   | Reached **** piety under Ru
 10458 | Lair:2   | Reached ***** piety under Ru
 10548 | Lair:2   | Noticed a six-headed hydra
 10554 | Lair:2   | Killed a six-headed hydra
 10741 | Lair:2   | Noticed a catoblepas
 10776 | Lair:2   | Killed a catoblepas
 11122 | Lair:2   | Noticed Amaemon
 11134 | Lair:2   | Killed Amaemon
 11140 | Lair:2   | Reached skill level 10 in Maces & Flails
 11140 | Lair:2   | Reached XP level 12. HP: 115/115 MP: 12/12
 11179 | Lair:2   | Found a staircase to the Snake Pit.
 12209 | Lair:3   | Found a gate leading to a gauntlet.
 12265 | Gauntlet | Entered a Gauntlet
 12265 | Gauntlet | Found a transporter.
 12265 | Gauntlet | Found a large runed translucent door.
 12265 | Gauntlet | Found a large runed translucent door.
 12265 | Gauntlet | Found a large runed translucent door.
 12265 | Gauntlet | Found a large runed translucent door.
 12265 | Gauntlet | Found a large runed translucent door.
 12265 | Gauntlet | Found a large runed translucent door.
 12265 | Gauntlet | Found a runed translucent door.
 12265 | Gauntlet | Found a runed translucent door.
 12265 | Gauntlet | Found a large runed translucent door.
 12265 | Gauntlet | Found a large runed translucent door.
 12265 | Gauntlet | Found a large runed translucent door.
 12265 | Gauntlet | Found a large runed translucent door.
 12265 | Gauntlet | Found a large runed translucent door.
 12265 | Gauntlet | Found a large runed translucent door.
 12328 | Gauntlet | Found a large runed translucent door.
 12328 | Gauntlet | Found a large runed translucent door.
 12328 | Gauntlet | Found a large runed translucent door.
 12328 | Gauntlet | Found a large runed translucent door.
 12336 | Gauntlet | Found a transporter.
 12336 | Gauntlet | Found a runed translucent gate.
 12336 | Gauntlet | Found a runed translucent gate.
 12336 | Gauntlet | Found a runed translucent gate.
 12338 | Gauntlet | Found a transporter.
 12338 | Gauntlet | Noticed a hell beast
 12338 | Gauntlet | Noticed a quicksilver ooze
 12341 | Gauntlet | Found a transporter.
 12341 | Gauntlet | Found a transporter.
 12342 | Gauntlet | Found a transporter.
 12346 | Gauntlet | Found a runed translucent door.
 12347 | Gauntlet | Noticed a hell beast
 12348 | Gauntlet | Found a runed translucent door.
 12350 | Gauntlet | Found a transporter.
 12357 | Gauntlet | Found a transporter.
 12358 | Gauntlet | Noticed a reaper
 12370 | Gauntlet | Found a transporter.
 12370 | Gauntlet | Noticed a balrug
 12378 | Gauntlet | Found a transporter.
 12378 | Gauntlet | Found a transporter.
 12386 | Gauntlet | Found a transporter.
 12537 | Gauntlet | Reached skill level 10 in Armour
 12617 | Gauntlet | Killed a balrug
 12631 | Gauntlet | Identified the ring "Tuodiah" {rN+ SInv}
 12633 | Gauntlet | Identified the ring of Symmetry {*Slow rF+ Int+5 Stlth+}
 12666 | Gauntlet | Identified the +6 long sword "Fyceu" {pain, MP+9}
 12666 | Gauntlet | Noticed a minotaur
 12678 | Gauntlet | Killed a minotaur
 12704 | Gauntlet | Identified the +0 scale mail "Vottie" {Fly rCorr Dex-4}
 12705 | Gauntlet | Got the Codex of the Polar Quarry
 13127 | Lair:3   | Found a staircase to the Swamp.
 13129 | Lair:3   | Gained mutation: You cannot study or cast Fire magic. [Ru
                  | sacrifice]
 13129 | Lair:3   | Gained mutation: You cannot study or cast Hexes magic. [Ru
                  | sacrifice]
 13129 | Lair:3   | Gained mutation: You cannot study or cast Conjurations
                  | magic. [Ru sacrifice]
 13129 | Lair:3   | Reached ****** piety under Ru
 13782 | Lair:4   | Noticed Josephine
 13788 | Lair:4   | Killed Josephine
 14125 | Lair:4   | Reached XP level 13. HP: 126/126 MP: 13/13
 14416 | Lair:5   | Entered Level 5 of the Lair of Beasts
 14862 | Lair:5   | Found a staircase to the Slime Pits.
 15033 | Lair:5   | Reached skill level 5 in Throwing
 16015 | Orc:1    | Entered Level 1 of the Orcish Mines
 16015 | Orc:1    | Noticed Harold
 16029 | Orc:1    | Killed Harold
 16302 | Orc:2    | Entered Level 2 of the Orcish Mines
 16426 | Orc:1    | Found Waru's Weapon Boutique.
 16691 | Orc:2    | Found Usasch's General Store.
 16834 | Orc:2    | Found Pudeq's Firing Range.
 16865 | Orc:2    | Found a staircase to the Elven Halls.
 16873 | Orc:2    | Bought a throwing net for 39 gold pieces
 17026 | Orc:2    | Found Hoec's General Store.
 17300 | Orc:2    | Reached XP level 14. HP: 98/134 MP: 14/14
 17517 | Orc:2    | Found Ginel's Antique Armour Shop.
 17517 | Orc:2    | Found Piqintui's Book Boutique.
 17518 | Orc:2    | Found a one-way gate leading to the halls of Pandemonium.
 17520 | Orc:2    | Bought a pair of embroidered gloves for 195 gold pieces
 17878 | D:9      | Killed Lodul
 17976 | D:10     | Noticed Joseph
 17990 | D:10     | Killed Joseph
 18019 | D:10     | Noticed Maurice
 18061 | D:10     | Killed Maurice
 18262 | D:10     | Found a shadowy altar of Dithmenos.
 18530 | D:10     | Found Kopt's Book Shoppe.
 19158 | D:11     | Found a frozen archway.
 19173 | IceCv    | Entered an ice cave
 19197 | IceCv    | Found a transporter.
 19205 | IceCv    | Found a transporter.
 19277 | IceCv    | Got the Encyclopedia of the Iceberg
 19698 | D:12     | Noticed Kirke
 19723 | D:12     | Killed Kirke
 19724 | D:12     | Reached skill level 10 in Throwing
 20321 | D:12     | Reached XP level 15. HP: 103/141 MP: 15/15
 20968 | D:13     | Found a portal to a secret trove of treasure.
 21270 | D:13     | Found Voewim's Armour Emporium.
 22082 | D:14     | Reached skill level 10 in Dodging
 22378 | D:14     | Found Toom's Weapon Shop.
 22623 | D:14     | Found a transporter.
 22689 | D:14     | Found a shimmering blue altar of Sif Muna.
 22773 | D:14     | Reached skill level 15 in Armour
 22781 | D:14     | Identified the +0 leather armour "Cedd" {Str-5 Int+6 Dex+2
                  | Stlth+}
 22856 | D:14     | Found a gate to the Vaults.
 23055 | D:15     | Entered Level 15 of the Dungeon
 23055 | D:15     | Noticed Louise
 23082 | D:15     | Banished Louise
 23146 | D:15     | Noticed Jorgrun
 23167 | D:15     | Killed Jorgrun
 23420 | D:15     | Noticed Azrael
 23438 | D:15     | Killed Azrael
 23586 | D:15     | Found a staircase to the Depths.
 24268 | Orc:1    | Bought a +2 eveningstar of draining for 546 gold pieces
 24414 | Snake:1  | Entered Level 1 of the Snake Pit
 24547 | Snake:1  | Reached XP level 16. HP: 148/148 MP: 16/16
 25722 | Snake:2  | Reached skill level 1 in Shields
 26276 | Snake:2  | Reached skill level 2 in Shields
 26606 | Snake:3  | Reached skill level 3 in Shields
 26997 | Snake:3  | Reached skill level 4 in Shields
 27014 | Snake:3  | Noticed Bai Suzhen
 27034 | Snake:3  | Killed Bai Suzhen
 27236 | Snake:3  | Noticed Vashnia
 27265 | Snake:3  | Killed Vashnia
 27266 | Snake:3  | Reached skill level 5 in Shields
 27712 | Snake:4  | Entered Level 4 of the Snake Pit
 27800 | Snake:4  | Reached skill level 6 in Shields
 27858 | Snake:4  | Reached XP level 17. HP: 125/155 MP: 17/17
 28124 | Snake:4  | Reached skill level 7 in Shields
 28185 | Snake:4  | Found Ziabb's Armour Shop.
 28218 | Snake:4  | Bought the +10 Black Knight's barding {ponderous, rPois
                  | rN+} for 1268 gold pieces
 28218 | Snake:4  | Found the +10 Black Knight's barding {ponderous, rPois rN+}
 28495 | Snake:4  | Found Kyuvor's Magic Scroll Emporium.
 28541 | Snake:4  | Bought a scroll of brand weapon for 161 gold pieces
 28541 | Snake:4  | Bought a scroll of enchant weapon for 127 gold pieces
 28569 | Snake:4  | Identified a scroll of acquirement
 28578 | Snake:4  | Acquired a manual of Throwing
 28699 | Snake:4  | Reached skill level 8 in Shields
 28973 | Snake:4  | Found Xowushro's Assorted Antiques.
 28981 | Snake:4  | Bought a faintly glowing morningstar for 315 gold pieces
 28981 | Snake:4  | Identified the +8 morningstar of Dowdy Judgement {flame,
                  | rPois} (You bought it in a shop on level 4 of the Snake
                  | Pit)
 29049 | Snake:4  | Found Uricouhy's Weapon Emporium.
 29219 | Snake:4  | Found Lipist's Antique Armour Emporium.
 29505 | Snake:4  | Got a serpentine rune of Zot
 29653 | Swamp:1  | Entered Level 1 of the Swamp
 29666 | Swamp:1  | Noticed Nikola
 29673 | Swamp:1  | Reached skill level 9 in Shields
 29686 | Swamp:1  | Killed Nikola
 29700 | Swamp:1  | Noticed Frances
 29809 | Swamp:1  | Killed Frances
 30124 | Swamp:1  | Acquired a manual of Shields
 30237 | Swamp:1  | Reached skill level 10 in Shields
 30593 | Swamp:2  | Reached XP level 18. HP: 125/167 MP: 18/18
 30794 | Swamp:2  | Reached skill level 15 in Throwing
 31229 | Swamp:3  | Reached skill level 11 in Shields
 31389 | Swamp:3  | Found an ancient bone altar of Kikubaaqudgha.
 31423 | Swamp:3  | Got the Discursus on the Crypt
 31820 | Swamp:4  | Entered Level 4 of the Swamp
 31863 | Swamp:3  | Reached skill level 12 in Shields
 32012 | Swamp:4  | Reached skill level 15 in Maces & Flails
 32309 | Swamp:4  | Found the ring of Shadows {Umbra +Inv Stlth+}
 32450 | Swamp:4  | Reached skill level 13 in Shields
 32505 | Swamp:4  | Upgraded the game from 0.30-a0-321-gf7783e6616 to
                  | 0.30-a0-325-gb515db48ae
 32565 | Swamp:4  | Got a decaying rune of Zot
 33087 | Vaults:1 | Entered Level 1 of the Vaults
 33296 | Vaults:1 | Reached skill level 14 in Shields
 33470 | Vaults:1 | Noticed Asterion
 33483 | Vaults:1 | Killed Asterion
 33761 | Vaults:1 | Reached XP level 19. HP: 165/178 MP: 19/19
 33842 | Vaults:1 | Reached skill level 15 in Shields
 34241 | Vaults:1 | Reached skill level 16 in Shields
 34311 | Vaults:1 | Identified the +0 chain mail of Ciehuf Itea {rElec Regen+
                  | Str+8 Stlth-}
 34874 | Vaults:2 | Noticed Margery
 34941 | Vaults:1 | Killed Margery
 35425 | Vaults:2 | Reached skill level 17 in Shields
 35666 | Vaults:2 | Noticed Mara
 35696 | Vaults:2 | Noticed MrRokkomies's illusion
 35698 | Vaults:2 | Killed Mara
 36428 | Vaults:3 | Noticed Sojobo
 36461 | Vaults:3 | Killed Sojobo
 36709 | Vaults:3 | Reached skill level 18 in Shields
 36786 | Vaults:3 | Reached skill level 15 in Fighting
 36971 | Vaults:3 | Killed from afar by an ironbound thunderhulk

Illustrated notes

Levels and vault maps discovered:
D:1:      heliophobic_arrival_enchanted_forest, layout_basic
D:2:      minmay_evil_eye, layout_basic, serial_bayou, serial_bayou_shore_a,
          serial_bayou_ford_a, serial_bayou_shore_b, serial_bayou_crossing,
          serial_bayou_pond_e, ebering_ecumenical_altar_hall
D:3:      layout_basic, nicolae_overflow_ecumenical_swirl,
          nicolae_ru_path_of_blood, minmay_strange_pillars, uniq_grinder
D:4:      layout_basic, uniq_sigmund
D:5:      layout_basic, dk_yredelemnul_ordeal, minmay_temple_entry_mist,
          portal_sewer_entry_d, dk_noncrumbling_4
D:6:      layout_loops_ring, kennysheep_mini_moat
D:7:      layout_basic, grunt_qazlal_sundering, uniq_menkaure
D:8:      minmay_klotski, layout_rooms, bloody_makhleb,
          nicolae_ashenzari_panopticon, minmay_misc_feat_five
D:9:      layout_loops_ring, orc_0_dummy, grunt_ministairs_14,
          minmay_diamond_spiral
D:10:     layout_big_octagon, mainiacjoe_overflow_cross_hatched,
          ebering_ghost_xom, serial_gnoll_camp, gnoll_camp_mini_doghouse,
          gnoll_camp_huts_moat, gnoll_camp_mini_doghouse, gnoll_camp_mini_shop,
          gnoll_camp_mini_hut, st_stairs_13,
          hangedman_abyss_or_decor_lesser_grid,
          minmay_fractal_squares_diagonal_5, uniq_maurice, uniq_joseph,
          uniq_lodul
D:11:     layout_cave_pools, portal_ice_cave_entry_ice_simulacra
D:12:     layout_loops_ring, uniq_kirke
D:13:     layout_loops_ring, serial_shops, shop, nicolae_trove_entry_columns,
          serial_co_window_serial, co_window_of_opportunity_a,
          co_window_corner_a, co_window_paths_a, co_window_paths_a,
          co_window_paths_b, co_window_corner_ca, co_window_unsneaky_path_c,
          co_window_corner_ca, co_window_2corner, co_window_2corner,
          co_window_2corner, glass_columns_c
D:14:     gammafunk_sealed_library, layout_basic, grunt_vaults_entry_tiered,
          serial_shops, shop, columned_hall_lemuel, serial_park_tiny_1,
          lemuel_flamethrower_3
D:15:     gammafunk_depths_entry_grave, layout_basic, minmay_misc_feat_ornament,
          uniq_jorgrun, uniq_louise, uniq_azrael
Lair:1:   layout_hall_layers, st_stairs_4, infiniplex_staircase_pool_2,
          serial_bayou_shore_b
Lair:2:   layout_cave_pods, small_statue_intersection, uniq_amaemon
Lair:3:   layout_regular_city, swamp_mist, gauntlet_entry_generic,
          kennysheep_basilisk_garden
Lair:4:   layout_loops_ring, uniq_josephine
Lair:5:   evilmike_catoblepas_cave, layout_small_grid, slime_entry_1,
          minmay_lair_oklob_bushes, lemuel_fruit_fields
Swamp:1:  layout_basic_swamp, evilmike_swamp_ruin_rubble_2, swamp_pool3,
          st_swamp_ruins_4, uniq_frances, uniq_nikola
Swamp:2:  layout_falls_marsh, nicolae_swamp_fairy_circle
Swamp:3:  nicolae_swamp_ascending_descending, layout_basic_swamp,
          hangedman_swamp_ruin_wall, swamp_pool1, beargit_kiku_chapel
Swamp:4:  swamp_vile, layout_basic_swamp
Snake:1:  layout_basic
Snake:2:  layout_onion
Snake:3:  layout_onion_interference, uniq_vashnia, uniq_bai_suzhen
Snake:4:  snake_hunt, layout_basic, serial_shops, shop, shop, shop, shop, shop,
          st_stairs_13
Orc:1:    orc_temple, layout_diamond_mine, serial_shops, shop_fountains,
          uniq_harold
Orc:2:    pf_orc_diabolical, layout_caves, nicolae_shop_firing_range
Vaults:1: vaults_room_fancy_cross, hangedman_vaults_corner_blocks,
          hangedman_vaults_unwind, vaults_room_hallway,
          nicolae_vaults_network_s, ontoclasm_vaults_decontamination, v_rooms_3,
          nicolae_vaults_hallways_thing, vaults_room_large_hall,
          v_alt_pattern_2, nicolae_vaults_network_periphery,
          grunt_vaults_twisty, vaults_dpeg_diagonal, grunt_vaults_hallway_short,
          layout_vaults_ring, uniq_asterion
Vaults:2: v_rooms_1, v_pattern_2, v_misc_4, hangedman_vaults_nails, v_misc_27,
          hangedman_vaults_slice, vaults_room_fancy_cross,
          hangedman_vaults_corner_blocks, layout_vaults_chaotic_city,
          uniq_margery, uniq_mara
Vaults:3: v_misc_17, ontoclasm_vaults_tryst, vaults_mumra_minichess,
          hangedman_vaults_slice, nicolae_vaults_little_squares_5,
          nicolae_vaults_arrows, v_pattern_1, minmay_crypt_entry_simple_walls,
          v_misc_29, ontoclasm_vaults_chip, vaults_dpeg_emergency_exit,
          layout_vaults_omnicross, uniq_sojobo

Skill      XL: |  1  2  3  4  5  6  7  8  9 10 11 12 13 14 15 16 17 18 19 |
---------------+----------------------------------------------------------+-----
Fighting       | 2 3 4 5 6 8 9 10 12 13 14 15 | 15.0
Staves         | 3 4 |  4.2
Armour         | 1 2 3 4 5 7 8 9 10 12 14 15 | 15.9
Maces & Flails | 2 3 5 7 8 10 11 13 14 15 | 15.7
Dodging        | 3 4 5 6 7 8 9 10 | 10.9
Throwing       | 7 10 12 13 14 16 17 | 17.7
Shields        | 6 10 14 18 | 18.2

Action                   |  1- 3 |  4- 6 |  7- 9 | 10-12 | 13-15 | 16-18 | 19-21 || total
-------------------------+-------+-------+-------+-------+-------+-------+-------++-------
Melee: Quarterstaff      |   110 |    70 |       |     6 |       |       |       ||   186
       Tailslap          |    12 |    10 |    50 |   143 |   486 |   279 |   114 ||  1094
       Whip              |       |    45 |   361 |   719 |  1925 |    91 |       ||  3141
       Punch             |       |       |     2 |    12 |    37 |     1 |       ||    52
       Demon whip        |       |       |       |       |   198 |       |       ||   198
       Eveningstar       |       |       |       |       |    22 |  1340 |   453 ||  1815
Throw: Throwing net      |       |     1 |     1 |     3 |     1 |       |       ||     6
       Dart              |       |       |     4 |     8 |       |       |       ||    12
       Boomerang         |       |       |       |       |   197 |   239 |    85 ||   521
       Javelin           |       |       |       |       |     6 |     9 |     6 ||    21
Invok: Sacrifice Artific |       |       |     1 |       |       |       |       ||     1
       Sacrifice Love    |       |       |     1 |       |       |       |       ||     1
       Power Leap        |       |       |       |     3 |     5 |     5 |     1 ||    14
       Sacrifice Resista |       |       |       |     1 |       |       |       ||     1
       Sacrifice Arcana  |       |       |       |     1 |       |       |       ||     1
       Apocalypse        |       |       |       |       |     1 |     5 |     1 ||     7
       Draw Out Power    |       |       |       |       |     1 |     4 |     1 ||     6
  Use: Scroll            |     4 |     9 |     4 |    11 |     7 |    14 |     7 ||    56
       Potion            |       |     1 |     2 |     7 |     2 |    10 |     3 ||    25
 Stab: Held in net/web   |       |     3 |       |     2 |       |       |       ||     5
       Invisible         |       |       |     3 |     3 |    11 |    17 |     4 ||    38
       Distracted        |       |       |     1 |     3 |     5 |     6 |     1 ||    16
       Petrifying        |       |       |       |     1 |     1 |       |       ||     2
       Petrified         |       |       |       |    14 |     5 |       |       ||    19
       Paralysed         |       |       |       |     3 |    15 |    13 |     6 ||    37
Armor: Leather armour    |     3 |       |       |       |       |       |       ||     3
       Ring mail         |    54 |    40 |   190 |       |       |       |       ||   284
       Chain mail        |       |       |       |   356 |   354 |       |     8 ||   718
       Plate armour      |       |       |       |       |   616 |  1047 |    86 ||  1749
       Storm dragon scal |       |       |       |       |       |       |   116 ||   116
Dodge: Dodged            |    61 |    44 |   157 |   198 |   404 |   363 |    90 ||  1317
       Repelled          |       |       |       |       |     4 |    32 |     1 ||    37
Block: Tower shield      |       |       |       |       |       |   379 |   201 ||   580
       Reflection        |       |       |       |       |       |    62 |    17 ||    79
       Kite shield       |       |       |       |       |       |   355 |    73 ||   428

Table legend: (Time is in decaauts)
 A = Elapsed time spent in this place.
 B = Non-inter-level travel time spent in this place.
 C = Inter-level travel time spent in this place.
 D = Time resting spent in this place.
 E = Time spent auto-exploring this place.
 F = Levels seen in this place.
 G = Mean time per level.
                   A        B        C        D        E       F      G
               +--------+--------+--------+--------+--------+-----+--------+
         Total |  36029 |  33886 |   2143 |   3075 |  23087 |  36 | 1000.8 |
       Dungeon |  14760 |  13837 |    923 |    835 |  10334 |  15 |  984.0 |
          Lair |   6139 |   5802 |    337 |    504 |   4273 |   5 | 1227.8 |
         Swamp |   3518 |   3283 |    235 |    346 |   2111 |   4 |  879.5 |
     Snake Pit |   5342 |   5111 |    231 |    793 |   2821 |   4 | 1335.5 |
  Orcish Mines |   1756 |   1466 |    290 |     44 |    953 |   2 |  878.0 |
        Vaults |   3793 |   3669 |    124 |    440 |   2283 |   3 | 1264.3 |
         Sewer |    143 |    143 |      0 |      0 |     77 |   1 |  143.0 |
      Ice Cave |     85 |     85 |      0 |      4 |      0 |   1 |   85.0 |
      Gauntlet |    490 |    490 |      0 |    105 |    234 |   1 |  490.0 |
               +--------+--------+--------+--------+--------+-----+--------+

Top non-repeatable levels by time:
Vaults:1: 1970 daAuts
 Snake:3: 1637 daAuts
 Snake:4: 1560 daAuts
  Lair:2: 1531 daAuts
  Lair:1: 1511 daAuts
     D:9: 1474 daAuts
Vaults:2: 1440 daAuts
     D:2: 1314 daAuts
  Lair:5: 1271 daAuts
 Snake:2: 1183 daAuts
    D:13: 1173 daAuts
    D:14: 1171 daAuts
   Orc:2: 1151 daAuts
     D:7: 1033 daAuts
    D:10: 1012 daAuts
